 Dungeon Crawl Stone Soup version 0.22.1-5-g62c59d919a (webtiles) character file.

43 Forgol the Cudgeler (level 3, -2/54 HPs)
             Began as a Troll Berserker on Jan 15, 2019.
             Was a Believer of Trog.
             Slain by a goblin (5 damage)
             ... led by Robin
             ... on level 2 of the Dungeon.
             The game lasted 00:04:24 (905 turns).

Forgol the Cudgeler (Troll Berserker)                Turns: 905, Time: 00:04:25

Health: -2/54      AC:  5    Str: 31    XL:     3   Next: 37%
Magic:  2/2        EV: 10    Int:  3    God:    Trog [**....]
Gold:   30         SH:  0    Dex:  9    Spells: 2/2 levels left

rFire    . . .     SeeInvis .   a - +0 mace
rCold    . . .     Gourm    +   (no shield)
rNeg     . . .     Faith    .   b - +0 animal skin
rPois    .         Spirit   .   (helmet restricted)
rElec    .         Reflect  .   d - scarf {repulsion}
rCorr    .         Harm     .   (gloves unavailable)
MR       .....                  (boots unavailable)
Stlth    ..........             (no amulet)
HPRegen  0.58/turn              i - ring of stealth
MPRegen  0.08/turn              (no ring)

@: berserking, repel missiles, very quick
A: large, unfitting armour, claws 3, fast metabolism 3, gourmand, regeneration
1, shaggy fur 1, tough skin 2
a: Berserk, Trog's Hand, Renounce Religion


You were on level 2 of the Dungeon.
You worshipped Trog.
Trog was pleased with you.
You were very full.

You visited 1 branch of the dungeon, and saw 2 of its levels.

You collected 30 gold pieces.

Inventory:

Hand Weapons
 a - a +0 mace (weapon)
Armour
 b - a +0 animal skin (worn)
 d - a scarf of repulsion (worn)
 e - a +0 pair of boots
Jewellery
 i - a ring of stealth (left claw)
Scrolls
 f - a scroll of identify
 g - a scroll of teleportation {unknown}
 h - a scroll of amnesia {unknown}
Potions
 j - a potion of might {unknown}
Comestibles
 c - 3 rations


   Skills:
 - Level 2.4 Fighting
 + Level 4.1 Maces & Flails
 - Level 2.4 Dodging


You had 2 spell levels left.
You didn't know any spells.
Your spell library was empty.

Dungeon Overview and Level Annotations

Branches:
Dungeon (2/15)

Altars:

Annotations:
D:2 Robin


Innate Abilities, Weirdness & Mutations

You are too large for most types of armour.
You have claws for hands.
Your metabolism is lightning-fast.
You like to eat raw meat.
Your natural rate of healing is unusually fast.
You are covered in fur. (AC +1)
You have very tough skin. (AC +2)


Message History

You hear a shout!
You closely miss the goblin. The goblin closely misses you.
The goblin hits you with a club.
* * * LOW HITPOINT WARNING * * *
You closely miss the goblin. The goblin misses you.
Robin roars a battlecry!
The goblin barely misses you. The goblin hits you but does no damage.
You are too berserk!
You sock the goblin!
You kill the goblin!
Trog accepts your kill. Robin throws the goblin at you!
The goblin closely misses you. x2
You sock the goblin!
You feel the power of Trog in you as your rage grows.
You kill the goblin!
Trog accepts your kill. The goblin closely misses you.
Robin says, "A pitiful Troll like you will never find the ORB!"
Robin throws the goblin at you! The goblin hits you.
You die...

+.. ## #.# ...
#..#)###### . # #.#####
#..#.#....# #..#.#.....#
#..#รท...#.#
#.....##(..#.#....#..#.##
#...g.#.#(##.....>#...
..l....#)#.#.####(##.###.
##.....#g#.#.........# #.
.g...#$#@#.#..###.######.
ggggg..#gg...)# #.##.....
%gg#######.#.## #.##.####
..g...........# #.##...(.
...........#..# #.....###
g...#.###...#######.###
... +.###.............. #
#...########.###.
#.##........># #.


You could see Robin and 3 goblins.

Vanquished Creatures
  An adder (D:2)
  A leopard gecko (D:2)
  2 giant cockroaches (D:1)
  5 goblins (D:2)
  2 hobgoblins (D:1)
  4 jackals (D:2)
  A ball python skeleton (D:2)
  4 bats (D:1)
  4 frilled lizards
  6 kobolds
  2 rats (D:2)
32 creatures vanquished.

Notes
Turn   | Place    | Note
-------+----------+-------------------------------------------
     0 | D:1      | Forgol the Troll Berserker began the quest for the Orb.
     0 | D:1      | Reached XP level 1. HP: 22/22 MP: 0/0
   117 | D:1      | Reached skill level 3 in Maces & Flails
   260 | D:1      | Reached XP level 2. HP: 29/29 MP: 1/1
   713 | D:2      | Reached ** piety under Trog
   746 | D:2      | Reached XP level 3. HP: 33/36 MP: 2/2
   800 | D:2      | Reached skill level 4 in Maces & Flails
   870 | D:2      | Noticed Robin
   902 | D:2      | HP: 2/54 [goblin/club[Robin] (6)]
   905 | D:2      | Slain by a goblin

Skill      XL: |  1  2  3 |
---------------+----------+-----
Maces & Flails | 3 4 |  4.1
Fighting       | |  2.4
Dodging        | |  2.4

Action                   || total
-------------------------++-------
Melee: Mace              ||   132
Invok: Berserk           ||     1
  Use: Scroll            ||     1
  Eat: Chunk             ||    13
Armor: Animal skin       ||    80
Dodge: Dodged            ||   124
       Deflected         ||     1
